Unix NetHack Version 5.0.0-0 post-release - last build May 10 2026 23:12:36 (d1fa5d53e341ca933230fdaa984d921c805b60aa,branch:main).

Game began 2026-05-14 16:38:14, ended 2026-05-14 16:51:06.

DaveT, lawful male human Priest

                          --------------         ----------------
                          |............|         |..............|
                          |......>j....|         |...............##   ------
                          |.......@.....#       #...............| ####.....|
                          .............|#       #|..............|     |....|
                          |............|#       #-----------.----     |....|
                          ------------|-###     ##          #         |....|
                                       ###########          #         |..<.|
                                           #     ########## ####      ------
                                           #     #       -|----|--
                                           #     #       |........
                                           #-----#       |.......|
                                           #....|#       |(.`....|
                                            |....#       ---------
                                            |..`|
                                            -----

DaveT the Acolyte            St:25 Dx:16 Co:13 In:12 Wi:18 Ch:12  Lawful
Dlvl:6  $:26 HP:0(29) Pw:50(50) AC:-3 Xp:4 T:1796 

Latest messages:
 The door opens.
 The bat misses!
 You kill the bat!
 You see here a chest.
 Hmmm, the chest turns out to be locked.
 What do you want to wield? [- aq or ?*] q
 q - a crude dagger (weapon in right hand).
 There is a locked chest here; force its lock? [ynq] (q) y
 You force your crude dagger into a crack and pry.
 You succeed in forcing the lock.
 What do you want to wield? [- aq or ?*] a
 a - a blessed +1 mace (weapon in right hand).
 M - a scroll labeled EIRIS SAZUN IDISI.
 N - a uranium wand.
 What do you want to drop? [$a-finoqs-vx-zA-CFL-N or ?*] M
 You drop a scroll labeled EIRIS SAZUN IDISI.
 M - a scroll labeled EIRIS SAZUN IDISI.
 What do you want to write with? [- aqtBLN or ?*] -
 You write in the dust with your fingertip.
 What do you want to write in the dust here? foo
 What do you want to write with? [- aqtBLN or ?*] ?
 Do you want to add to the current engraving? [ynq] (y) y
 You add to the writing in the dust with a uranium wand.
 What do you want to add to the writing in the dust here? Elbereth
 The floor is riddled by bullet holes!
 What do you want to call? [vzABL-N or ?*] N
 Call a uranium wand: magic missile
 You kill the cave spider!
 You see here a scroll of identify.
 O - a scroll of identify.
 The cave spider bites!
 You miss the cave spider.
 The cave spider bites!
 You kill the cave spider!
 Something is written here in the dust.
 You read: "?l?d vas nerc".
 The grid bug bites!
 You avoid harm.
 You kill the grid bug!
 The lichen misses!
 You kill the lichen!
 Please move the cursor to a monster, object or location.
 (For instructions type a '?')
 You hit the blue jelly!
 You are suddenly very cold!
 You hit the blue jelly!
 You are suddenly very cold!
 You die...
 Do you want your possessions identified? [ynq] (y) y
 Do you want to see your attributes? [ynq] (y) q

Inventory:
 Coins    ('$')
  $ - 26 gold pieces
 Amulets  ('"')
  n - an amulet of guarding (being worn)
 Weapons  (')')
  q - a +0 orcish dagger
  a - a blessed +1 mace (weapon in right hand)
 Armor    ('[')
  x - a blessed rusty +2 pair of gauntlets of power (being worn)
  c - a +0 small shield (being worn)
  b - a +0 robe (being worn)
  F - a +0 banded mail (being worn)
 Comestibles  ('%')
  C - an apple
  e - a clove of garlic
  y - a cram ration
  o - 2 food rations
  f - a sprig of wolfsbane
 Scrolls  ('?')
  v - a scroll of blank paper
  z - a scroll of enchant weapon
  M - a scroll of genocide
  O - a scroll of identify
  u - a scroll of remove curse
 Potions  ('!')
  s - 2 potions of healing
  A - a potion of monster detection
  d - 2 potions of holy water
 Rings    ('=')
  B - a ring of conflict
  L - a ring of sustain ability
 Wands    ('/')
  t - a wand of digging (0:6)
  N - a wand of magic missile (0:5)
 Tools    ('(')
  i - an oil lamp

DaveT the Priest's attributes:

Background:
 You were an Acolyte, a level 4 human Priest.
 You were lawful, nominally on a mission for Quetzalcoatl
 who was opposed by Camaxtli (neutral) and Huhetotl (chaotic).
 You were right-handed.
 You were in the Dungeons of Doom, on level 6.
 You entered the dungeon 1796 turns ago.
 You had 111 experience points, 49 more were needed to attain level 5.

Basics:
 You had 0 out of 29 hit points.
 You had all 50 energy points (spell power).
 Your armor class was -3.
 Your wallet contained 26 zorkmids.
 Autopickup was off.

Final Characteristics:
 Your strength was 25 (base:9, innate limit:18/100).
 Your dexterity was 16 (limit:18).
 Your constitution was 13 (limit:18).
 Your intelligence was 12 (limit:18).
 Your wisdom was 18 (limit:18).
 Your charisma was 12 (limit:18).

Final Status:
 You weren't hungry.
 You were unencumbered.
 You were wielding a mace.
 You had basic skill with mace.

Final Attributes:
 You were devoutly aligned.
 You were telepathic.
 You had a small defense bonus (+2).
 You were protected.
 Your spell casting was impaired by metallic armor, mitigated by your robe.
 You are dead.

Miscellaneous:
 You didn't encounter any bones levels.
 Total elapsed playing time was 12 minutes and 51 seconds.

Major events:
 Turn
    1: DaveT the lawful human Priest entered the dungeon
  939: attained the rank of Acolyte (level 3)
 1118: entered the Gnomish Mines
 1651: entered Sokoban
 1796: killed by a blue jelly

Spells:
 Name                 Level Category     Fail Retention
 healing                1   healing       67%  76%-100%
 detect monsters        1   divination    85%  76%-100%
 sleep                  3   enchantment  100%  76%-100%

Skills:
 Fighting Skills
   bare handed combat [Unskilled]
 Weapon Skills
   club               [Unskilled]
   mace               [Basic]
   morning star       [Unskilled]
   flail              [Unskilled]
   hammer             [Unskilled]
   quarterstaff       [Unskilled]
   polearms           [Unskilled]
   spear              [Unskilled]
   trident            [Unskilled]
   lance              [Unskilled]
   bow                [Unskilled]
   sling              [Unskilled]
   crossbow           [Unskilled]
   dart               [Unskilled]
   shuriken           [Unskilled]
   boomerang          [Unskilled]
   unicorn horn       [Unskilled]
 Spellcasting Skills
   healing spells     [Unskilled]
   divination spells  [Unskilled]
   clerical spells    [Basic]

Voluntary challenges:
 Character rerolling was not enabled.
 You were an atheist.
 You never genocided any monsters.
 You never polymorphed an object.
 You never changed form.
 You used no wishes.
 You did not violate any of the special Sokoban rules.
Achievements:
 You entered a shop.
 You attained the rank of Acolyte.
 You entered the Gnomish Mines.
 You entered Sokoban.

 The Dungeons of Doom: levels 1 to 6
    Level 1:
    Level 2: "vault"
       A general store, a sink.
    Level 3: "vault"
       Stairs down to The Gnomish Mines.
    Level 4:
       A general store, an altar to Quetzalcoatl, a fountain.
    Level 5:
    Level 6: <- You were here.
       Stairs up to Sokoban, level 5.
       Final resting place for
          you, killed by a blue jelly.
 The Gnomish Mines:
    Level 4:
 Sokoban:
    Level 5:
       Unsolved.


Vanquished creatures:
  a homunculus
  a giant bat
  a werejackal
  2 coyotes
  a gas spore
  2 cave spiders
  a red mold
  a gecko
  9 jackals
  a fox
  3 goblins
  a sewer rat
  5 grid bugs
  a bat
  5 lichens
  a kobold zombie
 10 newts
46 creatures vanquished.

No species were genocided or became extinct.

Game over:
                       ----------
                      /          \
                     /    REST    \
                    /      IN      \
                   /     PEACE      \
                  /                  \
                  |      DaveT       |
                  |      26 Au       |
                  | killed by a blue |
                  |      jelly       |
                  |                  |
                  |                  |
                  |       2026       |
                 *|     *  *  *      | *
        _________)/\\_//(\/(/\)/\//\/|_)_______

Goodbye DaveT the Priest...

You died in The Dungeons of Doom on dungeon level 6 with 778 points,
and 26 pieces of gold, after 1796 moves.
You were level 4 with a maximum of 29 hit points when you died.

